 Dungeon Crawl Stone Soup version 0.27.1-33-g824d729ab1 (webtiles) character file.

Game seed: 10068544459715516634

200 styxcanada the Covert (level 5, 0/26 HPs)
             Began as a Spriggan Brigand on Dec 12, 2021.
             Killed from afar by an orc wizard (10 damage)
             ... with a magic dart
             ... on level 4 of the Dungeon.
             The game lasted 00:15:22 (4838 turns).

styxcanada the Covert (Spriggan Brigand)            Turns: 4838, Time: 00:15:23

Health: 0/26       AC:  3    Str:  7    XL:     5   Next: 48%
Magic:  6/6        EV: 17    Int: 13    God:
Gold:   139        SH:  6    Dex: 17    Spells: 4/4 levels left

rFire    + . .     SeeInvis +   d - +2 dagger (drain)
rCold    . . .     Faith    .   k - +1 buckler "Baopn" {rElec rPois SInv}
rNeg     + . .     Spirit   .   s - +0 robe {rN+}
rPois    +         Reflect  .   (helmet restricted)
rElec    +         Harm     .   c - +0 cloak
rCorr    .         Rampage  .   (gloves unavailable)
Will     .....                  (boots unavailable)
Stlth    ++++......             (no amulet)
HPRegen  0.08/turn              j - ring of protection from fire
MPRegen  0.10/turn              (no ring)

@: very quick
A: very small, no large weapons, unfitting armour, see invisible, speed 3
a: no special abilities


You were on level 4 of the Dungeon.
You visited 1 branch of the dungeon, and saw 4 of its levels.

You collected 139 gold pieces.

Inventory:

Hand Weapons
 a - a +2 dagger
 d - a +2 dagger of draining (weapon)
 m - a +0 hunting sling
Missiles
 g - 71 stones (quivered)
 r - 2 boomerangs
Armour
 c - a +0 cloak (worn)
 k - the +1 buckler "Baopn" (worn) {rElec rPois SInv}
   (You acquired it on level 2 of the Dungeon)

   rElec:     It insulates you from electricity.
   rPois:     It protects you from poison.
   SInv:      It lets you see invisible.
 s - a +0 robe of positive energy (worn)
Magical Staves
 q - a staff of death
Jewellery
 j - a ring of protection from fire (left hand)
Wands
 b - a wand of charming (9)
Scrolls
 f - 3 scrolls of amnesia
 h - 3 scrolls of identify
 i - 2 scrolls of fog
 p - 4 scrolls of teleportation
Potions
 n - a potion of lignification


   Skills:
 * Level 2.1 Fighting
 + Level 2.9 Short Blades
 + Level 2.5 Throwing
 * Level 3.4 Dodging
 * Level 8.0 Stealth
 * Level 0.7 Shields
 * Level 0.1 Necromancy
 * Level 0.1 Evocations


You had 4 spell levels left.
You didn't know any spells.
Your spell library contained the following spells:

 Spells                   Type           Power      Damage    Failure   Level
 Sublimation of Blood     Necr           0%         N/A       56%         2
 Wereblood                Tmut           0%         N/A       58%         2
 Summon Hydra             Summ           0%         N/A       100%        7


Dungeon Overview and Level Annotations

Branches:
Dungeon (4/15)
 Temple: D:4-7

Altars:
Kikubaaqudgha
Sif Muna
Uskayaw

Annotations:
D:4 2 transporters, Arandomuser's ghost, amateur MfGl


Innate Abilities, Weirdness & Mutations

You are very small and have problems with some larger weapons.
You are too small for most types of armour.
You have supernaturally acute eyesight. (SInv)
You cover ground extremely quickly. (Speed+++)


Message History

Aim: an orc wizard, wielding a +0 dagger and wearing a +0 robe (poisoned, 55% to hit)
You throw a poisoned dart.
The poisoned dart barely misses the orc wizard.
Throw: 4 darts (poison)
Press: ? - help, Q - select action, (/) - cycle Shift-Dir - straight line, f/p - orc wizard
Aim: an orc wizard, wielding a +0 dagger and wearing a +0 robe (lightly wounded, poisoned, 55% to hit)
You throw a poisoned dart.
The poisoned dart barely misses the orc wizard.
The poisoned dart barely misses the orc.
Throw: 3 darts (poison)
Press: ? - help, Q - select action, (/) - cycle Shift-Dir - straight line, f/p - orc wizard
Aim: an orc wizard, wielding a +0 dagger and wearing a +0 robe (lightly wounded, poisoned, 55% to hit)
You throw a poisoned dart.
The poisoned dart closely misses the orc wizard.
The poisoned dart hits the orc.
Throw: 2 darts (poison)
Press: ? - help, Q - select action, (/) - cycle Shift-Dir - straight line, f/p - orc wizard
Aim: an orc wizard, wielding a +0 dagger and wearing a +0 robe (moderately wounded, poisoned, 55% to hit)
You throw a poisoned dart.
The poisoned dart closely misses the orc wizard.
The poisoned dart hits the orc.
The orc is poisoned.
Throw: dart (poison)
Press: ? - help, Q - select action, (/) - cycle Shift-Dir - straight line, f/p - orc wizard
Aim: an orc wizard, wielding a +0 dagger and wearing a +0 robe (moderately wounded, poisoned, 55% to hit)
You throw a poisoned dart.
The poisoned dart closely misses the orc wizard.
The poisoned dart barely misses the orc.
The poisoned dart hits the orc.
The orc is poisoned.
Throw: dart (curare)
Press: ? - help, Q - select action, (/) - cycle Shift-Dir - straight line, f/p - orc wizard
Aim: an orc wizard, wielding a +0 dagger and wearing a +0 robe (moderately wounded, poisoned, 55% to hit)
You throw a curare-tipped dart.
The curare-tipped dart hits the orc wizard.
The orc wizard looks even sicker.
The orc wizard convulses.
The orc wizard seems to slow down.
The orc wizard is almost dead.
The orc wizard points at you and mumbles some strange words.
The magic dart hits you!
You die...

####.######
#†..).....#
####+##...<.....#
#...............#
#...............#
#...............##
#................#
#......#########.##
####+(.(o(.oo..@..#
#.(#########...#
#####Z##©...Wgh##..#
.....o#8.#...#58#..#
.....o#...#.#o..#...#
......#.........#...#
.....©#....©...!#©..#
......#........[#..##
(.....#...#.#.


You could see a howler monkey, an orc wizard (very poisoned, slow),
Arandomuser's ghost, 3 orcs, an ufetubus and a hobgoblin.

Vanquished Creatures
  Jessica (D:3)
  An orc wizard (D:3)
  9 adders
  2 worms (D:2)
  4 orcs (D:3)
  4 bats
  6 endoplasms
  A giant cockroach (D:2)
  7 goblins
  5 hobgoblins
  2 jackals (D:1)
  2 quokkas
  5 ball pythons
  3 frilled lizards
  6 kobolds
  6 rats
64 creatures vanquished.

Vanquished Creatures (others)
  A fungus (D:2)
1 creature vanquished.

Grand Total: 65 creatures vanquished

Notes
Turn   | Place    | Note
-------+----------+-------------------------------------------
     0 | D:1      | styxcanada the Spriggan Brigand began the quest for the
                  | Orb.
     0 | D:1      | Reached XP level 1. HP: 10/10 MP: 2/2
    99 | D:1      | Reached skill level 6 in Stealth
   253 | D:1      | Reached XP level 2. HP: 6/14 MP: 3/3
  1333 | D:2      | Reached XP level 3. HP: 7/18 MP: 4/4
  1844 | D:2      | Reached skill level 7 in Stealth
  1905 | D:2      | Found a faded altar of an unknown god.
  2360 | D:2      | Reached XP level 4. HP: 6/23 MP: 5/5
  2713 | D:2      | Found a hide-covered altar of Uskayaw.
  3531 | D:2      | Identified a scroll of acquirement
  3531 | D:2      | Acquired the +1 buckler "Baopn" {rElec rPois SInv}
  3697 | D:3      | Found an ancient bone altar of Kikubaaqudgha.
  3770 | D:3      | Noticed Jessica
  3778 | D:3      | Found a shimmering blue altar of Sif Muna.
  3804 | D:3      | Killed Jessica
  4006 | D:3      | Reached XP level 5. HP: 25/26 MP: 6/6
  4289 | D:3      | Reached skill level 8 in Stealth
  4810 | D:4      | Found a transporter.
  4810 | D:4      | Found a transporter.
  4810 | D:4      | Noticed Arandomuser's ghost (amateur MfGl)
  4838 | D:4      | Killed from afar by an orc wizard

Illustrated notes

Levels and vault maps discovered:
D:1:      mrwooster_arrival_statue_3, layout_loops_ring,
          minmay_misc_feat_diagonals
D:2:      layout_basic, shapermc_ecumenical_altar_ellora, basic_altar,
          minmay_puff
D:3:      layout_loops_ring, mainiacjoe_overflow_six_doors_small, tgw_sif,
          minmay_circle_x
D:4:      layout_basic, gammafunk_ghost_arena

Skill      XL: |  1  2  3  4  5 |
---------------+----------------+-----
Stealth        | 6 7 8 |  8.0
Dodging        | 2 3 |  3.4
Fighting       | 2 |  2.1
Short Blades   | |  2.9
Throwing       | |  2.5
Shields        | |  0.7
Necromancy     | |  0.1
Evocations     | |  0.1

Action                   |  1- 3 |  4- 6 || total
-------------------------+-------+-------++-------
Melee: Dagger            |    93 |   123 ||   216
Throw: Dart              |    18 |    25 ||    43
       Stone             |       |     3 ||     3
  Use: Scroll            |     2 |     4 ||     6
       Potion            |       |     1 ||     1
 Stab: Sleeping          |    11 |     6 ||    17
       Distracted        |       |     1 ||     1
Armor: Robe              |    19 |    14 ||    33
Dodge: Dodged            |    49 |    59 ||   108
Block: Buckler           |       |    20 ||    20
